 Dungeon Crawl Stone Soup version 0.27-a0-1202-ge72e49191c (webtiles) character file.

Game seed: 14973746311967091570

16 Ancestrald the Caller (level 2, -3/19 HPs)
             Began as a Merfolk Summoner on June 2, 2021.
             Succumbed to a kobold's poison
             ... on level 1 of the Dungeon.
             The game lasted 00:04:49 (617 turns).

Ancestrald the Caller (Merfolk Summoner)             Turns: 617, Time: 00:04:49

Health: -3/19      AC:  2    Str:  8    XL:     2   Next: 58%
Magic:  4/5        EV: 12    Int: 14    God:
Gold:   62         SH:  5    Dex: 14    Spells: 4/5 levels left

rFire    . . .     SeeInvis .   c - +1 dagger (drain)
rCold    . . .     Faith    .   (no shield)
rNeg     . . .     Spirit   .   a - +0 robe
rPois    .         Reflect  +   (no helmet)
rElec    .         Harm     .   (no cloak)
rCorr    .         Rampage  .   (no gloves)
Will     .....                  (no boots)
Stlth    ++........             j - amulet of reflection
HPRegen  0.06/turn              (no ring)
MPRegen  0.09/turn              (no ring)

@: lethally poisoned (-3 -> -24)
A: (nimble swimmer 2), mertail
a: no special abilities


You were on level 1 of the Dungeon.
You visited 1 branch of the dungeon, and saw 1 of its levels.

You collected 62 gold pieces.

Inventory:

Hand Weapons
 b - a +0 short sword
 c - a +1 dagger of draining (weapon)
 g - a +0 club
 h - a +0 dagger
 l - a +0 club
 m - a +0 dagger
Missiles
 d - 30 stones
 e - 18 arrows
Armour
 a - a +0 robe (worn)
 k - a +0 ring mail
Jewellery
 j - an amulet of reflection (around neck)
Scrolls
 n - a scroll of identify {unknown}
Potions
 f - a potion of magic {unknown}
 i - a potion of flight {unknown}
 o - a potion of might {unknown}


   Skills:
 + Level 2.7 Dodging
 + Level 2.3 Stealth
 + Level 2.1 Spellcasting
 + Level 4.5 Summonings


You had 4 spell levels left.
You knew the following spells:

 Your Spells              Type           Power      Damage    Failure   Level
a - Summon Small Mammal   Summ           56%        N/A       3%          1

Your spell library contained the following spells:

 Spells                   Type           Power      Damage    Failure   Level
 Call Imp                 Summ           14%        N/A       5%          2
 Call Canine Familiar     Summ           14%        N/A       11%         3
 Summon Guardian Golem    Hex/Summ       7%         N/A       28%         3
 Summon Ice Beast         Ice/Summ       7%         N/A       67%         4
 Summon Lightning Spire   Summ/Air       7%         N/A       67%         4


Dungeon Overview and Level Annotations

Branches:
Dungeon (1/15)

Altars:


Innate Abilities, Weirdness & Mutations

((You are quick and stealthy near water. (Stealth+, EV+, Speed+++)))
Your lower body shifts to a powerful aquatic tail in water.


Message History

You swap places.
The dart slug bites your rat.
Your rat dies!
Your rat's corpse disappears in a puff of smoke!
The dart slug launches a dart at you. The slug dart hits you.
The dart slug bites you.
Unknown command.
Casting: Summon Small Mammal (safe; 3% risk of failure)
Confirm with . or Enter, or press ? or * to list all spells.
You don't know that spell.
Unknown command.
Casting: Summon Small Mammal (safe; 3% risk of failure)
Confirm with . or Enter, or press ? or * to list all spells.
You miscast Summon Small Mammal.
You are very lightly contaminated with residual magic.
Nothing appears to happen.
You block the dart slug's attack.
You hit the dart slug. You drain the dart slug.
The dart slug is severely wounded.
You hit the dart slug but do no damage.
The dart slug is severely wounded.
The dart slug launches a dart at you. The slug dart hits you.
You hit the dart slug.
You kill the dart slug!
Your magical contamination has completely faded away.
Found a faded altar of an unknown god.
A kobold comes into view. It is wielding a +2 dagger of venom.
The kobold shouts!
Found a spear.
You closely miss the kobold.
The kobold hits you with a +2 dagger of venom.
You are lethally poisoned!
Casting: Summon Small Mammal (safe; 3% risk of failure)
Confirm with . or Enter, or press ? or * to list all spells.
You feel very sick.
The kobold hits you with a +2 dagger of venom.
* * * LOW HITPOINT WARNING * * *
You are more poisoned.
You hit the kobold but do no damage.
You die...

#### ..# #.#
###.#########
#..@........#
#_#K#######.# ....r#
##.######## #....).#
##.......... #.######
##.#..#####.# #.#
##.###.......# #.#
###...#...#....#
#.######.........#.##..
##................#.##.#


You could see a kobold (ally target) and a friendly rat (summoned).

Vanquished Creatures
  A dart slug (D:1)
  3 goblins (D:1)
  A hobgoblin (D:1)
  3 ball pythons (D:1)
  2 frilled lizards (D:1)
  2 rats (D:1)
12 creatures vanquished.

Vanquished Creatures (collateral kills)
  A bat (D:1)
  An endoplasm (D:1)
  A frilled lizard (D:1)
  A kobold (D:1)
  A rat (D:1)
5 creatures vanquished.

Grand Total: 17 creatures vanquished

Notes
Turn   | Place    | Note
-------+----------+-------------------------------------------
     0 | D:1      | Ancestrald the Merfolk Summoner began the quest for the
                  | Orb.
     0 | D:1      | Reached XP level 1. HP: 13/13 MP: 3/3
   270 | D:1      | Reached XP level 2. HP: 10/19 MP: 3/5
   609 | D:1      | Found a faded altar of an unknown god.
   617 | D:1      | Succumbed to a kobold's poison

Illustrated notes

Levels and vault maps discovered:
D:1:      dpeg_arrival_more_subterranean_lakeside_camping, layout_loops_cross,
          basic_ecumenical_altar, chequers_serial_rivers_micro_e

Action                   || total
-------------------------++-------
Melee: Dagger            ||    33
       Unarmed           ||     6
       Short sword       ||     2
 Cast: Summon Small Mamm ||    12
 Stab: Sleeping          ||     2
Armor: Robe              ||     6
Dodge: Dodged            ||    23
Block: Other             ||     7

Table legend: (Time is in decaauts)
 A = Elapsed time spent in this place.
 B = Non-inter-level travel time spent in this place.
 C = Inter-level travel time spent in this place.
 D = Time resting spent in this place.
 E = Time spent auto-exploring this place.
 F = Levels seen in this place.
 G = Mean time per level.
                   A        B        C        D        E       F      G
               +--------+--------+--------+--------+--------+-----+--------+
         Total |    615 |    615 |      0 |     11 |    139 |   1 |  615.0 |
       Dungeon |    615 |    615 |      0 |     11 |    139 |   1 |  615.0 |
               +--------+--------+--------+--------+--------+-----+--------+

Top non-repeatable levels by time:
     D:1: 615 daAuts
